 Dungeon Sprint DCSS version 0.23-a0-681-g26ad783 (webtiles) character file.

15 Lanoc the Slasher (level 2, -2/40 HPs)
             Began as a Draconian Berserker on Jan 10, 2019.
             Was a Priest of Trog.
             Slain by a troll (11 damage)
             ... in the Dungeon (Sprint IX: "|||||||||||||||||||||||||||||").
             The game lasted 00:02:06 (114 turns).

Lanoc the Slasher (Draconian Berserker)              Turns: 114, Time: 00:02:07

Health: -2/40      AC:  5    Str: 27    XL:     2   Next: 34%
Magic:  2/2        EV: 15    Int:  7    God:    Trog [***...]
Gold:   0          SH:  0    Dex: 10    Spells: 1/1 levels left

rFire    . . .     SeeInvis .   m - +2 scimitar (elec)
rCold    . . .     Gourm    .   (no shield)
rNeg     . . .     Faith    .   (armour unavailable)
rPois    .         Spirit   .   (helmet restricted)
rElec    .         Reflect  .   (no cloak)
rCorr    .         Harm     .   (no gloves)
MR       .....     NoTele   +   a - +0 pair of boots
Stlth    ..........             (no amulet)
HPRegen  0.13/turn              n - +2 ring of evasion
MPRegen  0.08/turn              o - +3 ring of strength

@: berserking, very quick
A: unfitting armour, cold-blooded, AC +4
a: Berserk, Trog's Hand, Renounce Religion


You were in the Dungeon.
You worshipped Trog.
Trog was most pleased with you.
You were not hungry.

You visited 1 branch

Inventory:

Hand Weapons
 m - a +2 scimitar of electrocution (weapon)
Armour
 a - a +0 pair of boots (worn)
Jewellery
 n - a +2 ring of evasion (left hand)
 o - a +3 ring of strength (right hand)
Wands
 l - a wand of iceblast (10)
Scrolls
 h - 2 scrolls of blinking
 k - 3 scrolls of remove curse
Potions
 c - 5 potions of curing
 d - 3 potions of heal wounds
 e - a potion of haste
 f - 4 potions of magic
 g - a potion of berserk rage
 j - a potion of invisibility
Comestibles
 b - a ration
 i - 10 chunks of flesh


   Skills:
 + Level 4.2 Fighting
 * Level 4.5 Long Blades
 + Level 3.4 Dodging


You had one spell level left.
You didn't know any spells.
Your spell library was empty.

Dungeon Overview and Level Annotations

Branches:
Dungeon (1/1)

Altars:
Cheibriados
Dithmenos
Elyvilon
Fedhas
Gozag
Hepliaklqana
Kikubaaqudgha
Makhleb
Nemelex Xobeh
Okawaru
Qazlal
Ru
Sif Muna
Trog
Uskayaw
Vehumet
Wu Jian
Xom
Yredelemnul
Zin
The Shining One
Beogh
Jiyva
Lugonu


Innate Abilities, Weirdness & Mutations

Your plain brown scales are hard. (AC +4)
You cannot fit into any form of body armour.
You are cold-blooded and may be slowed by cold attacks.


Message History

The water moccasin hisses angrily.
You slash the troll! Lightning courses through the troll!
The troll is severely wounded.
The troll misses you. The troll barely misses you.
The troll claws you but does no damage.
The vampire casts a spell.
The vampire flickers and vanishes!
Deactivating autopickup; reactivate with Ctrl-A.
A red film seems to cover your vision as you go berserk!
You feel yourself moving faster!
You feel mighty!
You feel a lot more hungry. The troll bites you. The troll claws you. x2
You hit the troll.
The troll is severely wounded.
The troll bites you! The troll claws you. The troll misses you.
You closely miss the troll.
The troll is severely wounded.
The troll bites you!
* * * LOW HITPOINT WARNING * * *
The troll claws you!
You die...

▓.▓
▓?▓
▓|▓
▓)▓
▓.▓
▓[▓
▓[▓
▓.▓
▓@▓
▓T▓
▓S▓
▓a▓
▓T▓
▓Y▓
▓{▓
▓.▓


You could see 2 trolls, a water moccasin, an ice beast and a worker ant.

Vanquished Creatures
  A dart slug (D)
  3 orcs (D)
  A goblin (D)
  2 quokkas (D)
  2 bats (D)
  A frilled lizard (D)
10 creatures vanquished.

Notes
Turn   | Place    | Note
-------+----------+-------------------------------------------
     0 | D        | Lanoc the Draconian Berserker began the quest for the Orb.
     0 | D        | Reached XP level 1. HP: 19/19 MP: 1/1
     7 | D        | Reached ** piety under Trog
    31 | D        | Reached XP level 2. HP: 27/27 MP: 2/2
    34 | D        | Reached *** piety under Trog
    55 | D        | Found a roughly hewn altar of Beogh.
    55 | D        | Found a snail-covered altar of Cheibriados.
    55 | D        | Found a shadowy altar of Dithmenos.
    55 | D        | Found a white marble altar of Elyvilon.
    55 | D        | Found a blossoming altar of Fedhas.
    55 | D        | Found an opulent altar of Gozag.
    56 | D        | Found a hazy altar of Hepliaklqana.
    57 | D        | Found a viscous altar of Jiyva.
    58 | D        | Found an ancient bone altar of Kikubaaqudgha.
    59 | D        | Found a corrupted altar of Lugonu.
    60 | D        | Found a burning altar of Makhleb.
    61 | D        | Found a sparkling altar of Nemelex Xobeh.
    62 | D        | Found an iron altar of Okawaru.
    63 | D        | Found a stormy altar of Qazlal.
    64 | D        | Found a sacrificial altar of Ru.
    65 | D        | Found a deep blue altar of Sif Muna.
    66 | D        | Found a bloodstained altar of Trog.
    67 | D        | Found a hide-covered altar of Uskayaw.
    68 | D        | Found a radiant altar of Vehumet.
    69 | D        | Found an ornate altar of the Wu Jian Council.
    70 | D        | Found a shimmering altar of Xom.
    71 | D        | Found a basalt altar of Yredelemnul.
    72 | D        | Found a glowing silver altar of Zin.
    73 | D        | Found a glowing golden altar of the Shining One.
   110 | D        | Noticed a troll
   110 | D        | Noticed a water moccasin
   110 | D        | Noticed a troll
   110 | D        | Noticed an ice beast
   110 | D        | Noticed a vampire
   114 | D        | Slain by a troll

Vault maps used:
D:        linesprint

Skill      XL: |  1 |
---------------+----+-----
Dodging        | 3 |  3.4
Fighting       | 4 |  4.2
Long Blades    | 4 |  4.5

Action                   || total
-------------------------++-------
Melee: Falchion          ||    25
       Tailslap          ||     1
       Scimitar          ||     3
Invok: Berserk           ||     2
Armor: Skin              ||     4
Dodge: Dodged            ||    17
       Rpst.: Falchion   ||     5

Table legend:
 A = Non-vault XP
 B = Vault XP
 C = Vault XP percentage of total XP
 D = Non-vault monster count
 E = Vault monster count
 F = Vault count percentage of total count
                 A         B        C        D         E       F
            +---------+---------+-------+---------+---------+-------
      Total |       0 |      22 | 100.0 |       0 |      10 | 100.0
            +---------+---------+-------+---------+---------+-------
          D |       0 |      22 | 100.0 |       0 |      10 | 100.0
            +---------+---------+-------+---------+---------+-------
